 Dungeon Crawl Stone Soup version 0.27.0-65-ge2af304b15 (console) character file.

Game seed: 14608797935602802894

35 Banquo the Magician (level 3, -1/29 HPs)
             Began as a Djinni Warper on Aug 19, 2021.
             Slain by an adder (2 damage)
             ... on level 2 of the Dungeon.
             The game lasted 00:02:49 (1535 turns).

Banquo the Magician (Djinni Warper)                 Turns: 1535, Time: 00:02:49

Health: -1/29      AC:  3    Str: 10    XL:     3   Next: 55%
Gold:   33         EV: 11    Int: 15    God:
                   SH:  0    Dex: 12

rFire    + + .     SeeInvis .   a - +0 short sword
rCold    x . .     Faith    .   (no shield)
rNeg     . . .     Spirit   .   b - +0 leather armour
rPois    ∞         Reflect  .   (no helmet)
rElec    .         Harm     .   (no cloak)
rCorr    .         Rampage  .   (no gloves)
Will     .....                  (boots unavailable)
Stlth    +.........             (no amulet)
HPRegen  0.09/turn              (no ring)
MPRegen  0.00/turn              (no ring)

@: flying
A: sickness immunity, fire resistance 2, cold vulnerability 1, float, innate
caster, hp casting, extra vitality 1
a: no special abilities


You were on level 2 of the Dungeon.
You visited 1 branch of the dungeon, and saw 2 of its levels.

You collected 33 gold pieces.

Inventory:

Hand Weapons
 a - a +0 short sword (weapon)
 g - a +0 spear
Missiles
 d - 5 boomerangs of dispersal (quivered)
Armour
 b - a +0 leather armour (worn)
Scrolls
 c - 2 scrolls of blinking
 e - a scroll of teleportation {unknown}
Potions
 f - a potion of lignification {unknown}


   Skills:
 * Level 2.5 Fighting
 * Level 2.5 Short Blades
 - Level 0.7 Throwing
 - Level 1.0 Armour
 - Level 2.1 Dodging
 + Level 2.8 Spellcasting


You couldn't memorise any spells.
You knew the following spells:

 Your Spells              Type           Power      Damage    Failure   Level
a - Summon Small Mammal   Summ           40%        N/A       9%          1
b - Lesser Beckoning      Tloc           5%         N/A       26%         3
e - Manifold Assault      Tloc           10%        N/A       94%         5
g - Gell's Gravitas       Tloc           5%         N/A       26%         3
t - Teleport Other        Tloc           10%        N/A       26%         3
B - Blink                 Tloc           N/A        N/A       13%         2
Your spell library was empty.

Dungeon Overview and Level Annotations

Branches:
Dungeon (2/15)

Altars:


Innate Abilities, Weirdness & Mutations

You are immune to sickness and miasma.
You are immune to poison.
Your flesh is very heat resistant. (rF++)
You are vulnerable to cold. (rC-)
You float through the air rather than walking.
You learn spells naturally, not from books.
Your magical power is your life essence.
You have superior vitality. (+4 HP)


Message History

Your bat hits the adder. The adder bites you but does no damage.
Your bat misses the adder. You barely miss the adder.
The adder is severely wounded.
Your bat hits the adder. The adder bites you but does no damage.
Your bat closely misses the adder.
Casting: Summon Small Mammal (safe; 9% risk of failure)
Confirm with . or Enter, or press ? or * to list all spells.
* * * LOW HITPOINT WARNING * * *
Your bat barely misses the adder.
The adder bites you.
* * * LOW HITPOINT WARNING * * *
The adder bites you but does no damage.
Unknown command.
Your bat closely misses the adder.
Your bat hits the adder. Your bat misses the adder. Your bat misses the adder.
Your bat completely misses the adder.
Your rat barely misses the adder.
You barely miss the adder.
The adder is almost dead.
The adder bites you.
* * * LOW HITPOINT WARNING * * *
Your bat closely misses the adder.
The adder bites you but does no damage.
Your rat closely misses the adder.
Unknown command.
Unknown command.
Press: ? - help, v - describe, . - travel
Here: an adder (almost dead, ally target)
The floor.
Unknown command.
Unknown command.
Unknown command.
Unknown command.
You closely miss the adder.
The adder is almost dead.
Your bat closely misses the adder.
The adder bites you but does no damage.
Your rat closely misses the adder.
You barely miss the adder.
The adder is almost dead.
Your bat hits the adder. The adder bites you.
You die...

#..###.# #.#...... ... #.#
#.#.##### .. ##'## #.#.#
##...## #.#.##### ##.....##
#.......# ##.......##
###.###.#
...####...>.b...####.......
......'..r......+.......#.#
#..S@.....####...##.#
##.......## ##.###.#
##.....## ### #.# ##...##
#.# ##'## ... #.# .#. #†# .
. ######†## .........######


You could see an adder (ally target), a friendly bat (summoned) and a friendly
rat (summoned).

Vanquished Creatures
  2 dart slugs (D:1)
  2 endoplasms
  2 giant cockroaches (D:1)
  2 goblins (D:1)
  2 hobgoblins (D:1)
  8 jackals
  2 quokkas
  2 ball pythons
  2 bats (D:2)
24 creatures vanquished.

Vanquished Creatures (collateral kills)
  A frilled lizard (D:2)
1 creature vanquished.

Grand Total: 25 creatures vanquished

Notes
Turn   | Place    | Note
-------+----------+-------------------------------------------
     0 | D:1      | Banquo the Djinni Warper began the quest for the Orb.
     0 | D:1      | Reached XP level 1. HP: 18/18 MP: 0/0
   288 | D:1      | Reached XP level 2. HP: 23/23 MP: 0/0
   466 | D:1      | Found a faded altar of an unknown god.
   968 | D:1      | Reached XP level 3. HP: 16/29 MP: 0/0
   968 | D:1      | Learned a level 1 spell: Summon Small Mammal
  1533 | D:2      | HP: 1/29 [adder (4)]
  1535 | D:2      | Slain by an adder

Illustrated notes

Levels and vault maps discovered:
D:1:      lightli_arrival_windingriver, layout_loops_ring,
          shapermc_ecumenical_altar_mp_vishouse, ebering_dispersal_statue_hall
D:2:      cheibrodos_pilgrimage, layout_loops_corners, serial_park_tiny_1,
          uniq_terence

Skill      XL: |  1  2 |
---------------+-------+-----
Short Blades   | 2 |  2.5
Fighting       | |  2.5
Throwing       | |  0.7
Armour         | |  1.0
Dodging        | |  2.1
Spellcasting   | |  2.8

Action                   || total
-------------------------++-------
Melee: Short sword       ||   115
 Cast: Summon Small Mamm ||     5
 Stab: Sleeping          ||     1
Armor: Leather armour    ||    33
Dodge: Dodged            ||    80
